 Dungeon Sprint DCSS version 0.28.0-53-g5a82cb258f (webtiles) character file.

Game seed: 13978802318040177924

3600000 Zeld the Conqueror (level 21, -3/187 HPs)
             Began as a Djinni Monk on May 26, 2022.
             Was the Champion of Makhleb.
             Slain by a destroyer
             ... wielding a +9 vorpal great sword
              (186 damage)
             ... in the Dungeon (Sprint VIII: "Arena of Blood").
             The game lasted 00:00:40 (36 turns).

Zeld the Conqueror (Djinni Monk)                      Turns: 36, Time: 00:00:40

Health: -3/187     AC:  2    Str: 18    XL:     21   Next: 86%
Gold:   0          EV: 29    Int: 14    God:    Makhleb [******] SH:  0 Dex: 17

rFire   + + .      SeeInvis .   g - +∞ Axe of Woe
rCold   x . .      Faith    .   (shield currently unavailable)
rNeg    . . .      Spirit   .   a - +0 robe
rPois   ∞          Reflect  .   (no helmet)
rElec   .          Harm     .   (no cloak)
rCorr   .          Rampage  .   (no gloves)
Will    ++...      NoTele   +   (boots unavailable)
Stlth   ++++++++++              (no amulet)
HPRegen 0.41/turn               (no ring)
MPRegen 0.00/turn               (no ring)

@: death channelling, flying
A: sickness immunity, fire resistance 2, cold vulnerability 1, float, innate
caster, HP casting, extra vitality 1
a: Renounce Religion, Minor Destruction, Lesser Servant of Makhleb, Major
Destruction, Greater Servant of Makhleb


You were in the Dungeon.
You worshipped Makhleb.
Makhleb was exalted by your worship.
You visited 1 branch

Inventory:

Hand Weapons
 g - the +∞ Axe of Woe (weapon)
   (You found it in the Dungeon)
Armour
 a - a +0 robe (worn)
Scrolls
 f - a scroll of blinking
Potions
 b - a potion of curing
 c - a potion of heal wounds
 d - a potion of haste
 e - a potion of berserk rage


   Skills:
 O Level 27 Fighting
 + Level 6.7(8.0) Short Blades
 + Level 6.7(8.0) Long Blades
 O Level 27 Axes
 + Level 6.1(19.2) Maces & Flails
 + Level 6.1(19.2) Polearms
 + Level 6.7(9.1) Staves
 + Level 6.1(7.3) Slings
 + Level 6.1 Bows
 + Level 6.1 Crossbows
 + Level 6.1(7.3) Throwing
 + Level 6.8 Armour
 O Level 27 Dodging
 O Level 27 Stealth
 + Level 6.8 Shields
 O Level 27 Unarmed Combat
 O Level 27 Spellcasting
 + Level 6.8 Invocations
 + Level 6.8 Evocations


You had 28 spell levels left.
You knew the following spells:

 Your Spells              Type           Power      Damage    Failure   Level
a - Shock                 Conj/Air       100%       1d9       0%          1
b - Corpse Rot            Necr/Air       100%       N/A       0%          2
c - Stone Arrow           Conj/Erth      100%       3d13      0%          3
d - Iskenderun's Mystic   Conj/Tloc      76%        2d15      0%          4
e - Metabolic Englaciati  Hex/Ice        38%        N/A       0%          5
f - Irradiate             Conj/Tmut      38%        3d26      0%          5
g - Death Channel         Necr           38%        N/A       0%          6
h - Simulacrum            Ice/Necr       38%        N/A       0%          6
i - Enfeeble              Hex            38%        N/A       1%          7
j - Summon Hydra          Summ           38%        N/A       1%          7
Your spell library was empty.

Dungeon Overview and Level Annotations

Branches:
Dungeon (1/1)

Altars:
Makhleb


Innate Abilities, Weirdness & Mutations

You are immune to sickness and miasma.
You are immune to poison.
Your flesh is very heat resistant. (rF++)
You are vulnerable to cold. (rC-)
You float through the air rather than walking.
You learn spells naturally, not from books.
Your magical power is your life essence.
You have superior vitality. (+4 MHP)


Message History

The sculptor of flesh hits your spectral meat berserker with a +9 great sword!!!!
Your base Short Blades skill gained 6 levels and is now at level 6!
Your base Long Blades skill gained 6 levels and is now at level 6!
Your base Maces & Flails skill gained 6 levels and is now at level 6!
Your base Polearms skill gained 6 levels and is now at level 6!
Your base Staves skill gained 6 levels and is now at level 6!
Your base Slings skill gained 6 levels and is now at level 6!
Your Bows skill gained 6 levels and is now at level 6!
Your Crossbows skill gained 6 levels and is now at level 6!
Your base Throwing skill gained 6 levels and is now at level 6!
Your Armour skill gained 6 levels and is now at level 6!
Your Shields skill gained 6 levels and is now at level 6!
Your Invocations skill gained 6 levels and is now at level 6!
Your Evocations skill gained 6 levels and is now at level 6!
The bag of meat hits your spectral bag of meat with a +9 war axe!!
The bag of meat hits your spectral meat berserker with a +9 war axe!!
The bag of meat hits your spectral bag of meat with a +9 war axe!
The destroyer points at you and mumbles some strange words.
The destroyer blinks!
The destroyer gestures at you while chanting.
The destroyer blinks!
The meat berserker is engulfed in blazing flames.
The meat berserker hits your spectral meat berserker with a +9 battleaxe!!!
Your spectral bag of meat is engulfed in blazing flames.
Your spectral bag of meat hits the bag of meat.
Your spectral meat berserker is engulfed in blazing flames.
The meat berserker hits your spectral meat berserker with a +9 battleaxe!!
Your spectral meat berserker is destroyed!
The meat berserker hits your spectral meat berserker with a +9 battleaxe!
You hear a shout!
The sculptor of flesh hits your spectral bag of meat with a +9 great sword!!!!!
Your spectral bag of meat is destroyed!
The destroyer points at you and mumbles some strange words.
The destroyer blinks!
You hear a shout!
A destroyer comes into view. It is wielding a +9 vorpal great sword.
Your spectral bag of meat is engulfed in blazing flames.
The destroyer hits you with a +9 vorpal great sword!!!!!
Ouch! That really hurt!
You die...

......###........
....O.._)........
....#O)))V#.§....
....#§)§._#......
....#ZZ§).#V.....
.....○OZ)O.z.....
.....O###VZ§.....
.###..§Z)ZZ###...
#V.V@§ZZ# .
#...Z§Z§#
.......Z§ZZO...
........oz.....#
.............§#.
........O...##..
..#........#. ..
..........V#..


You could see 5 destroyers, 2 sculptors of flesh, 4 meat berserkers, a bag of
meat, 5 friendly spectral bags of meat, 5 friendly spectral meat berserkers and
a friendly spectral large bag of meat.

Vanquished Creatures
  2 vampire knights (D)
  10 ogres (D)
  2 two-headed ogres (D)
  21 orcs (D)
35 creatures vanquished.

Notes
Turn   | Place    | Note
-------+----------+-------------------------------------------
     0 | D        | Found the +∞ Axe of Woe
     0 | D        | Zeld the Djinni Monk began the quest for the Orb.
     0 | D        | Reached XP level 1. HP: 20/20 MP: 0/0
     1 | D        | Noticed a meat berserker
     2 | D        | Killed a meat berserker
     2 | D        | Noticed a bag of meat
     2 | D        | Noticed a bag of meat
     2 | D        | Noticed a bag of meat
     2 | D        | Noticed a bag of meat
     3 | D        | Reached XP level 2. HP: 46/46 MP: 0/0
     3 | D        | Reached XP level 3. HP: 51/51 MP: 0/0
     3 | D        | Learned a level 1 spell: Shock
     3 | D        | Reached XP level 4. HP: 58/58 MP: 0/0
     3 | D        | Reached XP level 5. HP: 64/64 MP: 0/0
     3 | D        | Learned a level 2 spell: Corpse Rot
     3 | D        | Reached XP level 6. HP: 70/70 MP: 0/0
     3 | D        | Reached XP level 7. HP: 76/76 MP: 0/0
     3 | D        | Learned a level 3 spell: Stone Arrow
     3 | D        | Reached XP level 8. HP: 82/82 MP: 0/0
     3 | D        | Reached XP level 9. HP: 88/88 MP: 0/0
     3 | D        | Learned a level 4 spell: Iskenderun's Mystic Blast
     3 | D        | Reached XP level 10. HP: 94/94 MP: 0/0
     3 | D        | Reached XP level 11. HP: 100/100 MP: 0/0
     3 | D        | Learned a level 5 spell: Metabolic Englaciation
     3 | D        | Reached XP level 12. HP: 106/106 MP: 0/0
     3 | D        | Noticed a bag of meat
     3 | D        | Noticed a bag of meat
     4 | D        | Noticed a bag of meat
     4 | D        | Noticed a bag of meat
     4 | D        | Noticed a meat berserker
     5 | D        | Noticed a bag of meat
     6 | D        | Noticed a bag of meat
     7 | D        | Became a worshipper of Makhleb the Destroyer
     7 | D        | Reached * piety under Makhleb
     7 | D        | Reached ** piety under Makhleb
     8 | D        | Killed a bag of meat
     8 | D        | Killed a bag of meat
     9 | D        | Reached XP level 13. HP: 48/117 MP: 0/0
     9 | D        | Learned a level 5 spell: Irradiate
     9 | D        | Killed a bag of meat
     9 | D        | Killed a meat berserker
     9 | D        | Reached *** piety under Makhleb
     9 | D        | Killed a bag of meat
     9 | D        | Killed a bag of meat
    10 | D        | Reached skill level 10 in Spellcasting
    10 | D        | Reached XP level 14. HP: 130/130 MP: 0/0
    10 | D        | Reached XP level 15. HP: 137/137 MP: 0/0
    10 | D        | Learned a level 6 spell: Death Channel
    10 | D        | Reached **** piety under Makhleb
    10 | D        | Noticed a meat berserker
    12 | D        | Noticed a meat berserker
    13 | D        | Killed a meat berserker
    14 | D        | Reached skill level 10 in Axes
    14 | D        | Reached XP level 16. HP: 148/148 MP: 0/0
    15 | D        | Noticed a destroyer
    16 | D        | Killed a meat berserker
    16 | D        | Reached ***** piety under Makhleb
    16 | D        | Noticed a meat berserker
    16 | D        | Noticed a destroyer
    17 | D        | Reached XP level 17. HP: 157/157 MP: 0/0
    17 | D        | Learned a level 6 spell: Simulacrum
    18 | D        | Killed a destroyer
    18 | D        | Killed a meat berserker
    18 | D        | Noticed a meat berserker
    19 | D        | Reached skill level 27 in Fighting
    19 | D        | Reached skill level 15 in Axes
    19 | D        | Reached skill level 27 in Dodging
    19 | D        | Killed a destroyer
    19 | D        | Noticed a meat berserker
    20 | D        | Reached skill level 27 in Unarmed Combat
    20 | D        | Reached XP level 18. HP: 167/167 MP: 0/0
    20 | D        | Noticed a large bag of meat
    21 | D        | Reached ****** piety under Makhleb
    22 | D        | Noticed a large bag of meat
    22 | D        | Noticed a meat berserker
    24 | D        | Reached XP level 19. HP: 174/174 MP: 0/0
    24 | D        | Learned a level 7 spell: Enfeeble
    24 | D        | Killed a meat berserker
    25 | D        | Killed a large bag of meat
    25 | D        | Killed a meat berserker
    25 | D        | Noticed a meat berserker
    26 | D        | Noticed a meat berserker
    26 | D        | Noticed a meat berserker
    26 | D        | Noticed a meat berserker
    27 | D        | Noticed a large bag of meat
    28 | D        | Killed a meat berserker
    28 | D        | Killed a meat berserker
    29 | D        | Reached skill level 27 in Axes
    29 | D        | Reached skill level 27 in Spellcasting
    29 | D        | Reached XP level 20. HP: 174/181 MP: 0/0
    29 | D        | Noticed a meat berserker
    30 | D        | Noticed a destroyer
    31 | D        | Noticed a destroyer
    32 | D        | Reached XP level 21. HP: 187/187 MP: 0/0
    32 | D        | Learned a level 7 spell: Summon Hydra
    32 | D        | Noticed a meat berserker
    32 | D        | Noticed a destroyer
    33 | D        | Noticed a destroyer
    33 | D        | Noticed a destroyer
    34 | D        | Killed a large bag of meat
    34 | D        | Noticed a meat berserker
    35 | D        | Reached skill level 27 in Stealth
    35 | D        | Killed a meat berserker
    36 | D        | Noticed a destroyer
    36 | D        | Slain by a destroyer

Illustrated notes

Levels and vault maps discovered:
D:        meatsprint

Skill      XL: |  1  2  3  4  5  6  7  8  9 10 11 12 13 14 15 16 17 18 19 20 21 |
---------------+----------------------------------------------------------------+-----
Fighting       | 17 19 22 24 25 27 | 27.0
Axes           | 3 4 8 10 12 18 22 27 | 27.0
Dodging        | 18 20 23 25 26 27 | 27.0
Stealth        | 6 7 8 9 11 12 18 25 27 | 27.0
Unarmed Combat | 16 18 21 22 23 27 | 27.0
Spellcasting   | 6 10 12 14 18 21 27 | 27.0
Short Blades   | 6 |  6.7
Long Blades    | 6 |  6.7
Maces & Flails | 6 |  6.1
Polearms       | 6 |  6.1
Staves         | 6 |  6.7
Slings         | 6 |  6.1
Bows           | 6 |  6.1
Crossbows      | 6 |  6.1
Throwing       | 6 |  6.1
Armour         | 6 |  6.8
Shields        | 6 |  6.8
Invocations    | 6 |  6.8
Evocations     | 6 |  6.8

Action                   |  1- 3 |  4- 6 |  7- 9 | 10-12 | 13-15 | 16-18 | 19-21 || total
-------------------------+-------+-------+-------+-------+-------+-------+-------++-------
Melee: Executioner's axe |     1 |       |       |     1 |     4 |     5 |     8 ||    19
 Cast: Death Channel     |       |       |       |       |       |     1 |       ||     1
 Stab: Distracted        |       |       |       |       |       |       |     1 ||     1
Dodge: Dodged            |       |       |       |       |       |     1 |     2 ||     3
